AoeStats
← Barba-vidalk63

Oasis

509613269Analyzed
2v2 RM · 5d ago on Sep 27, 2026· 24m 33s· 4 players
Game mode
Random Map
Map size
Medium (4 player)
Population
200
Speed
Normal
Resources
Standard
Victory
Conquest
Starting age
Dark Age
Ending age
Imperial Age
RankedLock teamsTeams togetherTeam positionsShared explorationLock speedFull tech treeHidden civsTurbo modeCheats
Victory
Defeat
🇧🇷 Britons · Brazil
809
+16
🇧🇷 Teutons · Brazil
809
+16
🇧🇷 Britons · Brazil
855
-17
🇬🇧 Japanese · United Kingdom
777
-15
michasrock
2:47 Loom
10:44 Feudal Age
17:48 Fletching
25:08 Castle Age
25:04 Forging
Barba-vidalk63
0:29 Loom
15:16 Feudal Age
20:09 Castle Age
Olimar
10:14 Feudal Age
8:31 Loom
11:37 Wheelbarrow
11:09 Double-Bit Axe
11:31 Town Watch
11:47 Man-at-Arms
12:27 Horse Collar
13:37 Arson
22:05 Castle Age
21:32 Stone Mining
21:34 Gold Mining
23:21 Fletching
GREG
11:19 Feudal Age
12:35 Double-Bit Axe
18:15 Castle Age
Connection lost

Rejoining the realm…

Still unreachable

The connection could not be restored.

Session expired

The server has moved on; the page needs a fresh start.